 Dungeon Crawl Stone Soup version 0.31.0-4-g52a2dc7128 (webtiles) character file.

Game seed: 12367020480394843673

578 shadowrider38 the Chopper (level 7, -3/61 HPs)
             Began as a Minotaur Fighter on Jan 21, 2024.
             Slain by a black bear (8 damage)
             ... on level 4 of the Dungeon.
             The game lasted 00:01:48 (2691 turns).

shadowrider38 the Chopper (Minotaur Fighter)        Turns: 2691, Time: 00:01:49

Health: -3/61      AC:  7    Str: 22    XL:     7   Next: 13%
Magic:  6/6        EV:  9    Int:  5    God:
Gold:   160        SH:  5    Dex: 10    Spells: 6/6 levels left

rFire   . . .        a - +0 war axe
rCold   . . .        c - +0 buckler
rNeg    . . .        b - +0 scale mail
rPois   .            (helmet restricted)
rElec   .            (no cloak)
rCorr   .            (no gloves)
SInv    .            (no boots)
Will    +....        (no amulet) Stlth
                     m - ring of willpower
HPRegen 0.30/turn    (no ring)
MPRegen 0.10/turn

%: no passive effects
@: no status effects
A: horns 2, retaliatory headbutt
a: no special abilities


You were on level 4 of the Dungeon.
You visited 1 branch of the dungeon, and saw 4 of its levels.

You collected 160 gold pieces.

Inventory:

Hand Weapons
 a - a +0 war axe (weapon)
 l - the +6 sling "Ucaily" {drain, +Blink rF+ rN+ Str+6 Int-2}
   (You found it on level 2 of the Dungeon)

   Str+6:     It affects your strength (+6).
   Int-2:     It affects your intelligence (-2).
   rF+:       It protects you from fire.
   rN+:       It protects you from negative energy.
   +Blink:    It lets you blink.
Missiles
 J - 3 atropa-tipped darts
Armour
 b - a +0 scale mail (worn)
 c - a +0 buckler (worn)
Jewellery
 m - a ring of willpower (left hand)
Wands
 q - a wand of mindburst (8)
Scrolls
 e - a scroll of immolation {unknown}
 f - a scroll of blinking {unknown}
 g - a scroll of vulnerability {unknown}
 h - a scroll of enchant armour {unknown}
 k - a scroll of fear {unknown}
 n - a scroll of butterflies {unknown}
 o - a scroll of poison {unknown}
 p - a scroll of fog {unknown}
 r - a scroll of torment {unknown}
 s - a scroll of enchant weapon {unknown}
 R - a scroll of identify
 T - a scroll of teleportation
Potions
 d - a potion of might
 i - a potion of mutation {unknown}
 j - a potion of enlightenment {unknown}
 t - a potion of brilliance
 u - a potion of ambrosia {unknown}
 Q - 4 potions of curing


   Skills:
 + Level 5.4 Fighting
 * Level 6.2 Axes
 + Level 5.5 Armour
 + Level 5.3 Shields


You had 6 spell levels left.
You didn't know any spells.
Your spell library contained the following spells:

 Spells                   Type           Power      Damage    Failure   Level
 Ensorcelled Hibernation  Hex/Ice        0%         N/A       94%         2
 Gell's Gravitas          Tloc           0%         N/A       99%         3
 Passwall                 Erth           0%         N/A       99%         3
 Swiftness                Air            0%         N/A       99%         3
 Teleport Other           Tloc           0%         N/A       99%         3
 Dispersal                Tloc           0%         N/A       100%        6


Dungeon Overview and Level Annotations

Branches:
Dungeon (4/15) Zot: 21242
 Temple: D:4-7

Altars:
Qazlal

Shops:
D:2 !

Annotations:
D:3 2 runed translucent doors, drcatpants2's ghost, amateur BaBe


Innate Abilities, Weirdness & Mutations

You have a pair of horns on your head.
You reflexively headbutt those who attack you in melee.


Message History

You block the black bear's attack. x2; The black bear claws you.
You hit the black bear but do no damage.
You hit the black bear. The black bear barely misses you.
The black bear claws you. The black bear barely misses you.
The black bear bites you.
The black bear claws you but does no damage. x2
You closely miss the black bear.
The black bear is severely wounded.
You hit the black bear.
The black bear bites you but does no damage.
The black bear claws you.
The black bear claws you but does no damage.
The black bear bites you!
The black bear claws you but does no damage.
The black bear misses you. You block the black bear's attack.
The black bear claws you but does no damage. x2
The black bear goes berserk!
You hit the black bear but do no damage.
The black bear is severely wounded.
You barely miss the black bear. The black bear bites you.
The black bear claws you. x2; The black bear barely misses you.
You furiously retaliate!
You headbutt the black bear. The black bear barely misses you.
The black bear closely misses you.
You hit the black bear.
The black bear is severely wounded.
You hit the black bear but do no damage.
The black bear bites you!
The black bear claws you but does no damage.
You block the black bear's attack. x2; The black bear barely misses you. x2
The black bear bites you but does no damage.
The black bear claws you.
* * * LOW HITPOINT WARNING * * *
The black bear barely misses you.
You hit the black bear.
The black bear is heavily wounded.
You closely miss the black bear. You block the black bear's attack.
The black bear claws you but does no damage. x2
The black bear bites you!
* * * LOW HITPOINT WARNING * * *
The black bear barely misses you.
The black bear claws you but does no damage.
The black bear bites you!
* * * LOW HITPOINT WARNING * * *
The black bear claws you but does no damage.
The black bear closely misses you.
You are too injured to fight recklessly!
You barely miss the black bear. Your headbutt misses the black bear.
The black bear is heavily wounded.
You closely miss the black bear. The black bear bites you!
You die...

## ... ##.# ..... #... #
. .....####.. .#
......$.##..# ..# #..
###.......#..##...#.
...##...................
.. .......##....@h# #
...........†.h.# #
.......##......##
##.........?.......#
........##†......### .
.>.#..# #..†.....$##..
......####.....#......
##.....#.......#......
#...#..............##[


You could see 2 black bears.

Vanquished Creatures
  A black bear (D:4)
  An ogre (D:4)
  2 bombardier beetles
  3 orc wizards
  Ijyb (D:3)
  2 iguanas (D:4)
  A gnoll (D:1)
  6 adders
  6 dart slugs
  3 ribbon worms
  11 orcs
  11 ball pythons
  6 endoplasms
  4 giant cockroaches
  10 goblins
  7 hobgoblins
  8 jackals
  6 kobolds
  5 quokkas
  5 bats
  4 frilled lizards
  6 rats
109 creatures vanquished.

Notes
Turn   | Place    | Note
-------+----------+-------------------------------------------
     0 | D:1      | shadowrider38 the Minotaur Fighter began the quest for the
                  | Orb.
     0 | D:1      | Reached XP level 1. HP: 19/19 MP: 0/0
    41 | D:1      | Reached XP level 2. HP: 22/27 MP: 1/1
    49 | D:1      | Reached skill level 3 in Axes
   114 | D:1      | Reached XP level 3. HP: 31/33 MP: 2/2
   526 | D:2      | Found a stormy altar of Qazlal.
   595 | D:2      | Found Dyeclirgh's Distillery.
   786 | D:2      | Reached XP level 4. HP: 40/40 MP: 3/3
   909 | D:2      | Reached skill level 4 in Axes
  1039 | D:2      | Identified the +6 sling "Ucaily" {drain, +Blink rF+ rN+
                  | Str+6 Int-2}
  1403 | D:3      | Noticed Ijyb
  1413 | D:3      | Killed Ijyb
  1598 | D:3      | Reached XP level 5. HP: 46/47 MP: 4/4
  1765 | D:3      | Reached skill level 5 in Axes
  1867 | D:3      | Found a runed translucent door.
  1874 | D:3      | Noticed drcatpants2's ghost (amateur BaBe)
  2085 | D:3      | Found a runed translucent door.
  2311 | D:4      | Noticed an ogre
  2316 | D:4      | Killed an ogre
  2317 | D:4      | Reached XP level 6. HP: 55/55 MP: 5/5
  2477 | D:4      | Reached skill level 6 in Axes
  2648 | D:4      | Reached XP level 7. HP: 61/61 MP: 6/6
  2691 | D:4      | Slain by a black bear

Illustrated notes

Levels and vault maps discovered:
D:1:      ncdulo_watergridlock, layout_rooms
D:2:      layout_basic, basic_altar, serial_shops, shop, minivault_27
D:3:      layout_loops_ring, ebering_ghost_sewer_f, minmay_unequal, uniq_ijyb
D:4:      layout_cave_pools, trog_ov_bears_minmay

Skill      XL: |  1  2  3  4  5  6 |
---------------+-------------------+-----
Axes           | 3 4 5 6 |  6.2
Armour         | 4 5 |  5.5
Fighting       | 4 5 |  5.4
Shields        | 4 5 |  5.3

Action                     |  1- 3 |  4- 6 |  7- 9 || total
---------------------------+-------+-------+-------++-------
  Melee: War axe           |    63 |   135 |    19 ||   217
         Headbutt          |     7 |    17 |     1 ||    25
  Throw: Dart              |       |     1 |       ||     1
  Evoke: Wand              |       |     2 |       ||     2
    Use: Scroll            |       |     3 |       ||     3
 Armour: Scale mail        |    64 |    93 |    44 ||   201
  Dodge: Dodged            |    45 |    69 |    27 ||   141
  Block: Buckler           |    16 |    36 |    12 ||    64
